 Dungeon Crawl Stone Soup version 0.27.0-1-g7a089689b8 (webtiles) character file.

Game seed: 5027538962455409755

30 HungrySpirit the Vexing (level 3, -2/40 HPs)
             Began as a Human Arcane Marksman on July 31, 2021.
             Slain by Sigmund (8 damage)
             ... on level 2 of the Dungeon.
             The game lasted 00:02:02 (1448 turns).

HungrySpirit the Vexing (Human Arcane Marksman)     Turns: 1448, Time: 00:02:02

Health: -2/40      AC:  6    Str:  9 (11) XL:     3   Next: 35%
Magic:  4/4        EV:  8    Int: 12 (13) God:
Gold:   42         SH:  0    Dex: 10 (13) Spells: 3/4 levels left

rFire    . . .     SeeInvis .   g - +0 short sword
rCold    . . .     Faith    .   (no shield)
rNeg     . . .     Spirit   .   i - +0 scale mail
rPois    .         Reflect  .   (no helmet)
rElec    .         Harm     .   (no cloak)
rCorr    +         Rampage  .   (no gloves)
Will     .....                  (no boots)
Stlth    ..........             (no amulet)
HPRegen  0.13/turn              e - ring of resist corrosion
MPRegen  0.09/turn              (no ring)

@: berserking, flying, very quick
A: no striking features
a: no special abilities


You were on level 2 of the Dungeon.
You visited 1 branch of the dungeon, and saw 2 of its levels.

You collected 42 gold pieces.

Inventory:

Hand Weapons
 a - a +0 shortbow
 g - a +0 short sword (weapon)
Missiles
 c - 15 arrows
Armour
 i - a +0 scale mail (worn)
Magical Staves
 b - a staff of earth
Jewellery
 e - a ring of resist corrosion (left hand)
Scrolls
 j - a scroll of identify {unknown}
 k - a scroll of amnesia {unknown}


   Skills:
 + Level 2.0 Fighting
 * Level 0.5 Short Blades
 - Level 2.0 Bows
 + Level 0.3 Armour
 + Level 2.7 Dodging
 - Level 1.0 Spellcasting
 - Level 3.0 Hexes


You had 3 spell levels left.
You knew the following spells:

 Your Spells              Type           Power      Damage    Failure   Level
a - Corona                Hex            7%         N/A       58%         1

Your spell library contained the following spells:

 Spells                   Type           Power      Damage    Failure   Level
 Slow                     Hex            7%         N/A       73%         2
 Inner Flame              Hex/Fire       4%         N/A       99%         3
 Portal Projectile        Hex/Tloc       8%         N/A       99%         3
 Cause Fear               Hex            3%         N/A       100%        4


Dungeon Overview and Level Annotations

Branches:
Dungeon (2/15)

Altars:

Annotations:
D:2 Sigmund


Message History

HP restored.
k - a scroll labelled QOIFRI QUINUN Sigmund the Dreaded comes into view.
He is wielding a +0 scythe.
Sigmund shouts!
Sigmund gestures at you while chanting. The puff of flame hits you.
Found a scroll labelled UTUDOR PAPN.
Sigmund is nearby!
Sigmund is nearby!
You aren't carrying any items that you can evoke.
Okay, then.
Okay, then.
Sigmund casts a spell at you.
You are confused.
A frilled lizard comes into view.
Sigmund mumbles some strange words.
Sigmund flickers and vanishes!
Deactivating autopickup; reactivate with Ctrl-A.
You bump into the rock wall.
It was a potion of flight.
You feel very buoyant.
You fly up into the air.
You feel less confused.
It was a potion of degeneration.
There was something very wrong with that liquid.
You feel weakened.
You feel dopey.
You feel clumsy. The frilled lizard bites you.
It was a potion of berserk rage.
A red film seems to cover your vision as you go berserk!
You feel yourself moving faster!
You feel mighty! Something hits you! The frilled lizard closely misses you.
You feel a strong urge to attack something.
Something hits you!
* * * LOW HITPOINT WARNING * * *
Your scale mail prevents you from hitting something.
Something hits you.
* * * LOW HITPOINT WARNING * * *
You puncture something! The frilled lizard barely misses you.
Something hits you!
You die...

.......##
...................####
#.....................#
##.......>.#..........#
#.....................#
.............# .....
.............# #..#.#...
.............####{.......
.......<.......l@#.#.#?..
.................#.#.#.#
.................#.#...#
........................##
....K..............####..#
.........................#
................#....#####
..........#........(.....#
......#.###......<#


You could see a frilled lizard.

Vanquished Creatures
  A dart slug (D:1)
  3 ball pythons
  3 giant cockroaches (D:1)
  2 goblins (D:1)
  2 hobgoblins (D:1)
  2 jackals (D:1)
  4 kobolds
  A quokka (D:1)
  3 bats
  A frilled lizard (D:1)
  3 rats
25 creatures vanquished.

Notes
Turn   | Place    | Note
-------+----------+-------------------------------------------
     0 | D:1      | HungrySpirit the Human Arcane Marksman began the quest for
                  | the Orb.
     0 | D:1      | Reached XP level 1. HP: 15/15 MP: 2/2
     3 | D:1      | Noticed an electric eel
     4 | D:1      | Noticed an electric eel
   311 | D:1      | Reached XP level 2. HP: 21/21 MP: 3/3
   877 | D:1      | Reached XP level 3. HP: 27/27 MP: 4/4
  1435 | D:2      | Noticed Sigmund
  1448 | D:2      | Slain by Sigmund

Illustrated notes

Levels and vault maps discovered:
D:1:      arrival_aquarium_b, layout_loops_ring, minmay_pentomino_t2
D:2:      layout_rooms, basic_altar, uniq_sigmund

Skill      XL: |  1  2 |
---------------+-------+-----
Fighting       | 2 |  2.0
Short Blades   | |  0.5
Bows           | |  2.0
Armour         | |  0.3
Dodging        | |  2.7
Spellcasting   | |  1.0
Hexes          | |  3.0

Action                   || total
-------------------------++-------
Melee: Short sword       ||    66
 Fire: Shortbow          ||    43
  Use: Potion            ||     3
Armor: Robe              ||     2
       Scale mail        ||    58
Dodge: Dodged            ||    72
